| TOP OF THE 1ST |
|
Colorado Avalanche batting - Pitching for Palm Beach Nationals : LHP Kevin Perrell
|
|
Pitching: LHP Kevin Perrell
|
|
|
Batting: SHB Taylor Shelton
|
0-0: Foul Ball, location: 2F 0-1: Ball 1-1: Ball 2-1: Foul Ball, location: 2F 2-2: Ball 3-2: Base on Balls
|
|
Batting: RHB Joe Shade
|
0-0: Foul Ball, location: 2F 0-1: Foul Ball, location: 2F 0-2: Foul Ball, location: 2F 0-2: Foul Ball, location: 2F 0-2: Ball 1-2: Foul Ball, location: 2F 1-2: Ball 2-2: Ball 3-2: Foul Ball, location: 2F 3-2: Foul Ball, location: 2F 3-2: Fly out, F3 (Popup, 3F, EV 68.1 MPH)
|
|
Batting: RHB Edwin Bejarano
|
0-0: Foul Ball, location: 2F 0-1: Foul Ball, location: 2F 0-2: Ball 1-2: Ball 2-2: Strikes out swinging
|
|
Batting: LHB Rich Rauda
|
0-0: Ball 1-0: Ball 2-0: Ball 3-0: Base on Balls Taylor Shelton to second
|
|
Batting: RHB Marco Avina
|
0-0: Swinging Strike 0-1: Foul Ball, location: 2F 0-2: Strikes out looking
|
| Top of the 1st over - 0 runs, 0 hits, 0 errors, 2 left on base; Colorado 0 - Palm Beach 0 |
| BOTTOM OF THE 1ST |
|
Palm Beach Nationals batting - Pitching for Colorado Avalanche : RHP Andrew Cribbs
|
|
Pitching: RHP Andrew Cribbs
|
|
|
Batting: RHB Lou Ortman
|
0-0: Ball 1-0: Ball 2-0: Foul Ball, location: 2F 2-1: Ball 3-1: Base on Balls
|
|
Batting: LHB Ken Westfall
|
0-0: Called Strike 0-1: Ball 1-1: Ball Lou Ortman steals 2nd, throwing error, E2 Lou Ortman to third 2-1: Ball Passed Ball! Lou Ortman scores 3-1: Fly out, F7 (Line Drive, 7LM, EV 98.1 MPH)
|
|
Batting: LHB Dusty Jones
|
0-0: Fly out, F7 (Flyball, 7LM, EV 95.6 MPH)
|
|
Batting: RHB Jason Curry
|
0-0: Ball 1-0: Called Strike 1-1: Foul Ball, location: 2F 1-2: Foul Ball, location: 2F 1-2: Strikes out swinging
|
| Bottom of the 1st over - 1 run, 0 hits, 1 error, 0 left on base; Colorado 0 - Palm Beach 1 |
| TOP OF THE 2ND |
|
Colorado Avalanche batting - Pitching for Palm Beach Nationals : LHP Kevin Perrell
|
|
Batting: RHB Ben Connelly
|
0-0: Ball 1-0: Ground out 5-3 (Groundball, 56, EV 95.0 MPH)
|
|
Batting: LHB Bob Kaufmann
|
0-0: Foul Ball, location: 2F 0-1: Called Strike 0-2: Ball 1-2: Strikes out looking
|
|
Batting: RHB Ken Dunphy
|
0-0: Called Strike 0-1: Called Strike 0-2: Ground out 6-3 (Groundball, 6, EV 86.9 MPH)
|
| Top of the 2nd over - 0 runs, 0 hits, 0 errors, 0 left on base; Colorado 0 - Palm Beach 1 |
| BOTTOM OF THE 2ND |
|
Palm Beach Nationals batting - Pitching for Colorado Avalanche : RHP Andrew Cribbs
|
|
Batting: LHB Mike Trentham
|
0-0: Ball 1-0: Ball 2-0: Fly out, F4 (Popup, 4, EV 55.6 MPH)
|
|
Batting: RHB Billy Williamson
|
0-0: Ball 1-0: Called Strike 1-1: Called Strike 1-2: Ball 2-2: Ball 3-2: Foul Ball, location: 2F 3-2: Base on Balls
|
|
Batting: SHB Tim Schulz
|
0-0: Ball 1-0: Foul Ball, location: 2F 1-1: DOUBLE (Flyball, 8RD, EV 93.8 MPH) Billy Williamson to third
|
|
Batting: RHB Larry Myers
|
0-0: Ball 1-0: Fly out, F8 (Flyball, 8LM, EV 81.9 MPH)
|
|
Batting: RHB Abdul-Ra'uf bin Maimun
|
0-0: Called Strike 0-1: Ball Passed Ball! Billy Williamson scores Tim Schulz to third 1-1: Ball 2-1: Foul Ball, location: 2F 2-2: Ball 3-2: Base on Balls
|
|
Batting: RHB Lou Ortman
|
0-0: Ball 1-0: Called Strike 1-1: Foul Ball, location: 2F 1-2: Foul Ball, location: 2F 1-2: Foul Ball, location: 2F 1-2: Ball 2-2: Strikes out swinging
|
| Bottom of the 2nd over - 1 run, 1 hit, 0 errors, 2 left on base; Colorado 0 - Palm Beach 2 |
| TOP OF THE 3RD |
|
Colorado Avalanche batting - Pitching for Palm Beach Nationals : LHP Kevin Perrell
|
|
Batting: LHB Dan Goldberg
|
0-0: Called Strike 0-1: Ball 1-1: Ball 2-1: Foul Ball, location: 2F 2-2: Foul Ball, location: 2F 2-2: Strikes out swinging
|
|
Batting: SHB Taylor Shelton
|
0-0: Called Strike 0-1: Ball 1-1: Called Strike 1-2: Ball 2-2: Ball 3-2: Foul Ball, location: 2F 3-2: Ground out 1-3 (Groundball, 15S, EV 71.2 MPH)
|
|
Batting: RHB Joe Shade
|
0-0: Called Strike 0-1: Ball 1-1: Ball 2-1: Ball 3-1: Base on Balls
|
|
Batting: RHB Edwin Bejarano
|
0-0: Ball 1-0: Called Strike 1-1: Ball 2-1: Ball 3-1: Base on Balls Joe Shade to second
|
|
Batting: LHB Rich Rauda
|
0-0: Foul Ball, location: 2F 0-1: Ball 1-1: Swinging Strike 1-2: Ball 2-2: Strikes out swinging
|
| Top of the 3rd over - 0 runs, 0 hits, 0 errors, 2 left on base; Colorado 0 - Palm Beach 2 |
| BOTTOM OF THE 3RD |
|
Palm Beach Nationals batting - Pitching for Colorado Avalanche : RHP Andrew Cribbs
|
|
Batting: LHB Ken Westfall
|
0-0: Foul Ball, location: 2F 0-1: SINGLE (Groundball, 4D, EV 100.0 MPH)
|
|
Batting: LHB Dusty Jones
|
0-0: Ball Ken Westfall steals 2nd base 1-0: Ball 2-0: Foul Ball, location: 2F 2-1: SINGLE (Groundball, 4D, EV 108.1 MPH) Ken Westfall to third Runner from 3rd tries for Home, SAFE, throw by CF to home
|
|
Batting: RHB Jason Curry
|
0-0: Ball 1-0: Called Strike 1-1: Fly out, F9 (Flyball, 89M, EV 90.6 MPH)
|
|
Batting: LHB Mike Trentham
|
0-0: Called Strike 0-1: Ball 1-1: Ball 2-1: Ball 3-1: Fly out, F7 (Flyball, 7, EV 91.9 MPH)
|
|
Batting: RHB Billy Williamson
|
0-0: Ball 1-0: Swinging Strike 1-1: Ball 2-1: Fielders Choice at 2nd, 5-4 (Groundball, 5, EV 80.0 MPH)
|
| Bottom of the 3rd over - 1 run, 2 hits, 0 errors, 1 left on base; Colorado 0 - Palm Beach 3 |
| TOP OF THE 4TH |
|
Colorado Avalanche batting - Pitching for Palm Beach Nationals : LHP Kevin Perrell
|
|
Pitching: RHP Vince Parris
|
|
|
Batting: RHB Marco Avina
|
0-0: Ball 1-0: Called Strike 1-1: Called Strike 1-2: SOLO HOME RUN (Flyball, 7D, EV 116.2 MPH), Distance : 440 ft
|
|
Batting: RHB Ben Connelly
|
0-0: Called Strike 0-1: Ball 1-1: Ground out 6-3 (Groundball, 6M, EV 107.5 MPH)
|
|
Batting: LHB Bob Kaufmann
|
0-0: Ball 1-0: Fly out, F9 (Flyball, 9, EV 85.0 MPH)
|
|
Batting: RHB Ken Dunphy
|
0-0: Ball 1-0: Ball 2-0: Ball 3-0: Called Strike 3-1: SINGLE (Flyball, 8LS, EV 90.0 MPH)
|
|
Batting: LHB Dan Goldberg
|
0-0: Ball Wild Pitch! Ken Dunphy to second 1-0: Fly out, F8 (Flyball, 89M, EV 83.8 MPH)
|
| Top of the 4th over - 1 run, 2 hits, 0 errors, 1 left on base; Colorado 1 - Palm Beach 3 |
| BOTTOM OF THE 4TH |
|
Palm Beach Nationals batting - Pitching for Colorado Avalanche : RHP Andrew Cribbs
|
|
Batting: SHB Tim Schulz
|
0-0: Fly out, F5 (Popup, 25F, EV 91.9 MPH)
|
|
Batting: RHB Larry Myers
|
0-0: Ball 1-0: Ball 2-0: Ground out 5-3 (Groundball, 56S, EV 86.9 MPH)
|
|
Batting: RHB Abdul-Ra'uf bin Maimun
|
0-0: Called Strike 0-1: Swinging Strike 0-2: Ball 1-2: Strikes out looking
|
| Bottom of the 4th over - 0 runs, 0 hits, 0 errors, 0 left on base; Colorado 1 - Palm Beach 3 |
| TOP OF THE 5TH |
|
Colorado Avalanche batting - Pitching for Palm Beach Nationals : RHP Vince Parris
|
|
Batting: SHB Taylor Shelton
|
0-0: Foul Ball, location: 2F 0-1: Fly out, F9 (Flyball, 9D, EV 105.0 MPH)
|
|
Batting: RHB Joe Shade
|
0-0: Fly out, F8 (Flyball, 8RM, EV 91.2 MPH)
|
|
Batting: RHB Edwin Bejarano
|
0-0: Foul Ball, location: 2F 0-1: Ball 1-1: Ball 2-1: Ball 3-1: Foul Ball, location: 2F 3-2: Foul Ball, location: 2F 3-2: Ground out 5-3 (Groundball, 5, EV 108.1 MPH)
|
| Top of the 5th over - 0 runs, 0 hits, 0 errors, 0 left on base; Colorado 1 - Palm Beach 3 |
| BOTTOM OF THE 5TH |
|
Palm Beach Nationals batting - Pitching for Colorado Avalanche : RHP Andrew Cribbs
|
|
Batting: RHB Lou Ortman
|
0-0: Ball 1-0: Ball 2-0: Foul Ball, location: 2F 2-1: Ball 3-1: Called Strike 3-2: Base on Balls
|
|
Batting: LHB Ken Westfall
|
0-0: Ball 1-0: Foul Ball, location: 2F 1-1: Called Strike 1-2: Foul Ball, location: 2F 1-2: Ball 2-2: Foul Ball, location: 2F 2-2: Foul Ball, location: 2F 2-2: Ball 3-2: Foul Ball, location: 2F 3-2: Strikes out swinging Lou Ortman is caught stealing 2nd base 2-6 Batter strikes out.
|
|
Batting: LHB Dusty Jones
|
0-0: Called Strike 0-1: Swinging Strike 0-2: Foul Ball, location: 2F 0-2: Ball 1-2: Ball 2-2: Ball 3-2: Foul Ball, location: 2F 3-2: Strikes out swinging
|
| Bottom of the 5th over - 0 runs, 0 hits, 0 errors, 0 left on base; Colorado 1 - Palm Beach 3 |
| TOP OF THE 6TH |
|
Colorado Avalanche batting - Pitching for Palm Beach Nationals : RHP Vince Parris
|
|
Batting: LHB Rich Rauda
|
0-0: Ball 1-0: Reached on error, E4 (Groundball, 4, EV 81.2 MPH)
|
|
Batting: RHB Marco Avina
|
0-0: Ball 1-0: Foul Ball, location: 2F 1-1: Ball 2-1: Ball 3-1: Base on Balls
|
|
Batting: RHB Ben Connelly
|
0-0: Swinging Strike 0-1: SINGLE (Groundball, 4MD, EV 98.1 MPH) Rich Rauda to third Marco Avina to second
|
|
Batting: LHB Bob Kaufmann
|
0-0: Ball 1-0: Swinging Strike 1-1: Foul Ball, location: 2F 1-2: Grounds into double play, 4-2-3 (Groundball, 4, EV 91.2 MPH) Marco Avina to third Ben Connelly to second
|
|
Batting: RHB Ken Dunphy
|
0-0: SINGLE (Line Drive, 6D, EV 98.8 MPH) Marco Avina scores Ben Connelly to third Runner from 3rd tries for Home, throw by CF and OUT! 8-2
|
| Top of the 6th over - 1 run, 2 hits, 1 error, 1 left on base; Colorado 2 - Palm Beach 3 |
| BOTTOM OF THE 6TH |
|
Palm Beach Nationals batting - Pitching for Colorado Avalanche : RHP Andrew Cribbs
|
|
Pitching: RHP Cedomil Nedic
|
|
|
Batting: RHB Jason Curry
|
0-0: Ball 1-0: Swinging Strike 1-1: Swinging Strike 1-2: Strikes out swinging
|
|
Batting: LHB Mike Trentham
|
0-0: Ball 1-0: Called Strike 1-1: Ball 2-1: Swinging Strike 2-2: Foul Ball, location: 2F 2-2: Strikes out swinging
|
|
Batting: RHB Billy Williamson
|
0-0: Ball 1-0: Called Strike 1-1: Called Strike 1-2: Strikes out swinging, 2-3 out at first.
|
| Bottom of the 6th over - 0 runs, 0 hits, 0 errors, 0 left on base; Colorado 2 - Palm Beach 3 |
| TOP OF THE 7TH |
|
Colorado Avalanche batting - Pitching for Palm Beach Nationals : RHP Vince Parris
|
|
Batting: RHB Mike Chiquete
|
0-0: Called Strike 0-1: SINGLE (Groundball, 34D, EV 95.0 MPH)
|
|
Batting: SHB Taylor Shelton
|
0-0: Ball Mike Chiquete steals 2nd base 1-0: Foul Ball, location: 2F 1-1: Swinging Strike 1-2: Ball 2-2: SINGLE (Groundball, 6S, EV 67.5 MPH) (infield hit) Mike Chiquete to third
|
|
Batting: RHB Joe Shade
|
0-0: Ball 1-0: Ball 2-0: Ball Taylor Shelton steals 2nd base 3-0: Base on Balls
|
|
Batting: RHB Edwin Bejarano
|
0-0: Ball Balk! Mike Chiquete scores Taylor Shelton to third Joe Shade to second 1-0: Intentional Walk
|
|
Batting: LHB Rich Rauda
|
0-0: Called Strike 0-1: Ball 1-1: Ball 2-1: Ball 3-1: Called Strike Balk! Taylor Shelton scores Joe Shade to third Edwin Bejarano to second 3-2: Intentional Walk
|
|
Batting: RHB Marco Avina
|
0-0: Called Strike 0-1: Swinging Strike 0-2: Ball 1-2: Strikes out looking
|
|
Pitching: RHP Nelson Franco
|
|
|
Batting: RHB Ben Connelly
|
0-0: Ball 1-0: Ball 2-0: Ball 3-0: Base on Balls Joe Shade scores Edwin Bejarano to third Rich Rauda to second
|
|
Batting: LHB Bob Kaufmann
|
0-0: Ball 1-0: Ball 2-0: Foul Ball, location: 2F 2-1: Swinging Strike 2-2: Strikes out swinging
|
|
Batting: RHB Ken Dunphy
|
0-0: Called Strike 0-1: Ball Wild Pitch! Edwin Bejarano scores Rich Rauda to third Ben Connelly to second 1-1: Swinging Strike 1-2: Ball 2-2: SINGLE (Line Drive, 8LS, EV 93.1 MPH) Rich Rauda scores Ben Connelly to third Runner from 3rd tries for Home, throw by CF and OUT! 8-2
|
| Top of the 7th over - 5 runs, 3 hits, 0 errors, 1 left on base; Colorado 7 - Palm Beach 3 |
| BOTTOM OF THE 7TH |
|
Palm Beach Nationals batting - Pitching for Colorado Avalanche : RHP Cedomil Nedic
|
|
Batting: SHB Tim Schulz
|
0-0: SINGLE (Flyball, 3D, EV 86.9 MPH)
|
|
Batting: RHB Larry Myers
|
0-0: Foul Ball, location: 2F 0-1: Ball 1-1: Ball Tim Schulz steals 2nd base 2-1: Swinging Strike 2-2: Ball Passed Ball! Tim Schulz to third 3-2: Strikes out swinging
|
|
Batting: RHB Abdul-Ra'uf bin Maimun
|
0-0: Fly out, F8 (Flyball, 8RM, EV 85.6 MPH)
|
|
Batting: RHB Lou Ortman
|
0-0: Called Strike 0-1: Ball 1-1: Ground out 6-3 (Groundball, 6, EV 105.0 MPH)
|
| Bottom of the 7th over - 0 runs, 1 hit, 0 errors, 1 left on base; Colorado 7 - Palm Beach 3 |
| TOP OF THE 8TH |
|
Colorado Avalanche batting - Pitching for Palm Beach Nationals : RHP Nelson Franco
|
|
Batting: RHB Mike Chiquete
|
0-0: Ball 1-0: Ball 2-0: Called Strike 2-1: Ground out 6-3 (Groundball, 6MD, EV 89.4 MPH)
|
|
Batting: SHB Taylor Shelton
|
0-0: Ball 1-0: Ball 2-0: Foul Ball, location: 2F 2-1: Reached via error on a dropped throw from 1B, E1 (Groundball, 34, EV 85.6 MPH)
|
|
Batting: RHB Joe Shade
|
0-0: Called Strike 0-1: Swinging Strike 0-2: Ball 1-2: Foul Ball, location: 2F 1-2: Ball 2-2: Ball 3-2: 2-RUN HOME RUN (Flyball, 7D, EV 105.0 MPH), Distance : 419 ft
|
|
Batting: RHB Edwin Bejarano
|
0-0: Ball 1-0: Called Strike 1-1: Swinging Strike 1-2: Foul Ball, location: 2F 1-2: Ground out 5-3 (Groundball, 56S, EV 86.9 MPH)
|
|
Batting: LHB Rich Rauda
|
0-0: Called Strike 0-1: Ball 1-1: Fly out, F7 (Line Drive, 7, EV 84.4 MPH)
|
| Top of the 8th over - 2 runs, 1 hit, 1 error, 0 left on base; Colorado 9 - Palm Beach 3 |
| BOTTOM OF THE 8TH |
|
Palm Beach Nationals batting - Pitching for Colorado Avalanche : RHP Cedomil Nedic
|
|
Batting: LHB Ken Westfall
|
0-0: SINGLE (Line Drive, 7S, EV 90.0 MPH)
|
|
Pitching: RHP David Spangler
|
|
|
Batting: LHB Dusty Jones
|
0-0: Fielders Choice at 2nd, 1-6 (Groundball, 13S, EV 65.6 MPH)
|
|
Batting: RHB Jason Curry
|
0-0: DOUBLE (Line Drive, 78XD, EV 111.2 MPH) Dusty Jones to third
|
|
Batting: LHB Mike Trentham
|
0-0: Ball 1-0: Ball 2-0: Fly out, F8 (Flyball, 78S, EV 91.9 MPH)
|
|
Batting: RHB Billy Williamson
|
0-0: Foul Ball, location: 2F 0-1: Foul Ball, location: 2F 0-2: Ball 1-2: Strikes out swinging
|
| Bottom of the 8th over - 0 runs, 2 hits, 0 errors, 2 left on base; Colorado 9 - Palm Beach 3 |
| TOP OF THE 9TH |
|
Colorado Avalanche batting - Pitching for Palm Beach Nationals : RHP Nelson Franco
|
|
Batting: RHB Marco Avina
|
0-0: Called Strike 0-1: DOUBLE (Groundball, 5L, EV 101.9 MPH)
|
|
Batting: RHB Ben Connelly
|
0-0: Ball 1-0: Called Strike 1-1: Ball Wild Pitch! Marco Avina to third 2-1: Called Strike 2-2: Ground out 6-3 (Groundball, 56D, EV 101.9 MPH) Marco Avina scores
|
|
Batting: LHB Bob Kaufmann
|
0-0: Called Strike 0-1: Ball 1-1: Ball 2-1: Ball 3-1: Foul Ball, location: 2F 3-2: Strikes out swinging
|
|
Batting: RHB Ken Dunphy
|
0-0: Called Strike 0-1: DOUBLE (Line Drive, 9LM, EV 99.4 MPH)
|
|
Batting: RHB Mike Chiquete
|
0-0: Called Strike 0-1: Foul Ball, location: 2F 0-2: Ball 1-2: Foul Ball, location: 2F 1-2: Ball 2-2: Ground out 4-3 (Groundball, 4, EV 78.1 MPH)
|
| Top of the 9th over - 1 run, 2 hits, 0 errors, 1 left on base; Colorado 10 - Palm Beach 3 |
| BOTTOM OF THE 9TH |
|
Palm Beach Nationals batting - Pitching for Colorado Avalanche : RHP David Spangler
|
|
Batting: SHB Tim Schulz
|
0-0: Ball 1-0: Foul Ball, location: 2F 1-1: Foul Ball, location: 2F 1-2: Strikes out swinging
|
|
Batting: SHB John Husson
|
0-0: Called Strike 0-1: Swinging Strike 0-2: Ball 1-2: Ball 2-2: Strikes out swinging, 2-3 out at first.
|
|
Pinch Hitting: RHB Greg Bennett
|
0-0: Ball 1-0: Called Strike 1-1: Ball 2-1: Ball 3-1: Fly out, F9 (Flyball, 9, EV 91.2 MPH)
|
| Bottom of the 9th over - 0 runs, 0 hits, 0 errors, 0 left on base; Colorado 10 - Palm Beach 3 |
|